 Dungeon Crawl Stone Soup version 0.25-a0-100-g33052ce (webtiles) character file.

Game seed: 4682052390421510951, levelgen mode: deterministic

28 Spazmo the Firebug (level 3, -3/19 HPs)
             Began as a Deep Elf Fire Elementalist on Nov 15, 2019.
             Slain by a hippogriff (4 damage)
             ... on level 2 of the Dungeon.
             The game lasted 00:03:30 (1132 turns).

Spazmo the Firebug (Deep Elf Fire Elementalist)     Turns: 1132, Time: 00:03:32

Health: -3/19      AC:  3    Str:  5    XL:     3   Next: 0%
Magic:  4/10       EV: 13    Int: 20    God:
Gold:   61         SH:  0    Dex: 15    Spells: 3/9 levels left

rFire    + . .     SeeInvis .   d - +0 dagger
rCold    + + .     Gourm    .   (no shield)
rNeg     . . .     Faith    .   n - +1 robe {rC+ rF+}
rPois    .         Spirit   .   (no helmet)
rElec    .         Reflect  .   (no cloak)
rCorr    +         Harm     .   (no gloves)
MR       .....                  (no boots)
Stlth    ++........             h - amulet of the acrobat
HPRegen  0.06/turn              i - ring of protection from cold
MPRegen  0.12/turn              l - ring of resist corrosion

@: no status effects
A: no striking features
a: no special abilities


You were on level 2 of the Dungeon.
You were not hungry.

You visited 1 branch of the dungeon, and saw 2 of its levels.

You collected 61 gold pieces.

Inventory:

Hand Weapons
 d - a +0 dagger (weapon)
Missiles
 b - 78 stones (quivered)
Armour
 n - a +1 robe of resistance (worn)
Jewellery
 h - an amulet of the acrobat (around neck)
 i - a ring of protection from cold (left hand)
 l - a ring of resist corrosion (right hand)
Scrolls
 e - a scroll of remove curse
 g - 4 scrolls of identify
Potions
 a - a potion of lignification {unknown}
 j - a potion of haste
 k - a potion of cancellation {unknown}
 m - a potion of curing
Comestibles
 c - 4 rations
 f - 2 chunks of flesh


   Skills:
 - Level 2.4 Dodging
 - Level 2.4 Stealth
 + Level 3.7 Spellcasting
 + Level 2.0 Conjurations
 + Level 3.8 Fire Magic


You had 3 spell levels left.
You knew the following spells:

 Your Spells              Type           Power        Failure   Level  Hunger
a - Flame Tongue          Conj/Fire      ###..        4%          1    None
b - Throw Flame           Conj/Fire      ###...       6%          2    ##.....
c - Conjure Flame         Conj/Fire      ###.....     12%         3    ###....

Your spell library contained the following spells:

 Spells                   Type           Power        Failure   Level  Hunger
 Inner Flame              Hex/Fire       ##......     19%         3    ###....
 Sticky Flame             Conj/Fire      ###.....     36%         4    ####...
 Fireball                 Conj/Fire      ###.......   73%         5    ######.


Dungeon Overview and Level Annotations

Branches:
Dungeon (2/15)

Altars:


Message History

Aiming: Flame Tongue (safe; 4% risk of failure)
Press: ? - help, Shift-Dir - straight line, f/p - hippogriff
Aim: a hippogriff (lightly wounded)
The flame tongue hits the hippogriff!
The hippogriff is moderately wounded.
The hippogriff bites you!
The hippogriff pecks you but does no damage.
The hippogriff claws you.
Casting: Flame Tongue (safe; 4% risk of failure)
Confirm with . or Enter, or press ? or * to list all spells.
Aiming: Flame Tongue (safe; 4% risk of failure)
Press: ? - help, Shift-Dir - straight line, f/p - hippogriff
Aim: a hippogriff (moderately wounded)
The flame tongue hits the hippogriff!
The hippogriff is heavily wounded.
The hippogriff bites you but does no damage.
The hippogriff pecks you.
* * * LOW HITPOINT WARNING * * *
The hippogriff claws you.
You die...

........#####
..r.........#
............#
............#
....?........#
..............# #
........H.....# .
.........@....##. .
......#......!... .
.................
.................
#......................
#......##.....#+######.
#.............#.######.
#.................(...
#.....................


You could see a hippogriff and a rat.

Vanquished Creatures
  A dart slug (D:1)
  2 giant cockroaches (D:1)
  7 hobgoblins
  3 bats
  5 frilled lizards
  2 goblins
  4 kobolds
  2 rats (D:1)
26 creatures vanquished.

Notes
Turn   | Place    | Note
-------+----------+-------------------------------------------
     0 | D:1      | Spazmo the Deep Elf Fire Elementalist began the quest for
                  | the Orb.
     0 | D:1      | Reached XP level 1. HP: 10/10 MP: 6/6
   211 | D:1      | Reached XP level 2. HP: 15/15 MP: 2/8
   218 | D:1      | Learned a level 2 spell: Throw Flame
  1104 | D:2      | Reached XP level 3. HP: 19/19 MP: 6/10
  1109 | D:2      | Learned a level 3 spell: Conjure Flame
  1124 | D:2      | Noticed a hippogriff
  1132 | D:2      | Slain by a hippogriff

Levels and vault maps discovered:
D:1:      minmay_arrival_shattered_statue, layout_basic,
          kennysheep_pointless_box, kennysheep_boxes
D:2:      layout_basic, fedhas_ov_isle_minmay, minitemple

Skill      XL: |  1  2 |
---------------+-------+-----
Conjurations   | 2 |  2.0
Dodging        | |  2.4
Stealth        | |  2.4
Spellcasting   | |  3.7
Fire Magic     | |  3.8

Action                   || total
-------------------------++-------
 Cast: Flame Tongue      ||    49
  Use: Scroll            ||     5
       Potion            ||     2
Armor: Robe              ||     2
Dodge: Dodged            ||     6

Table legend:
 A = Non-vault XP
 B = Vault XP
 C = Vault XP percentage of total XP
 D = Non-vault monster count
 E = Vault monster count
 F = Vault count percentage of total count
                 A         B        C        D         E       F
            +---------+---------+-------+---------+---------+-------
      Total |      41 |       0 |   0.0 |      26 |       0 |   0.0
            +---------+---------+-------+---------+---------+-------
        D:1 |      29 |       0 |   0.0 |      18 |       0 |   0.0
        D:2 |      12 |       0 |   0.0 |       8 |       0 |   0.0
            +---------+---------+-------+---------+---------+-------
